 Dungeon Sprint DCSS version 0.30-a0-920-g7493c07aab (webtiles) character file.

Game seed: 875026363865528311

25 dialectric the Covered (level 3, -20/25 HPs)
             Began as a Gargoyle Fighter on Mar 21, 2023.
             Demolished by an ogre
             ... wielding a +0 giant spiked club
              (34 damage)
             ... in the Dungeon (Sprint I: "Red Sonja").
             The game lasted 00:00:15 (26 turns).

dialectric the Covered (Gargoyle Fighter)             Turns: 26, Time: 00:00:16

Health: -20/25     AC: 10    Str: 19    XL:     3   Next: 4%
Magic:  3/3        EV: 10    Int:  8    God:
Gold:   0          SH:  0    Dex: 11    Spells: 2/2 levels left

rFire   . . .      SeeInvis .    a - +0 flail
rCold   . . .      Faith    .    (no shield)
rNeg    + . .      Spirit   .    b - +0 scale mail
rPois   ∞          Reflect  .    (no helmet)
rElec   +          Rampage  .    (no cloak)
rCorr   .          NoTele   +    (no gloves)
Will    .....                    (no boots) Stlth
                                 (no amulet)
HPRegen 0.24/turn                (no ring)
MPRegen 0.08/turn                (no ring)

@: mighty
A: sickness immunity, AC +3, negative energy resistance 1, electricity
resistance, torment resistance 1, petrification resistance
a: no special abilities


You were in the Dungeon.
You visited 1 branch

Inventory:

Hand Weapons
 a - a +0 flail (weapon)
Armour
 b - a +0 scale mail (worn)
 c - a +0 buckler
Wands
 d - a wand of light (3)
Scrolls
 j - a scroll of blinking
Potions
 e - a potion of curing
 f - a potion of heal wounds
 g - a potion of haste
 h - 2 potions of magic
 i - a potion of berserk rage


   Skills:
 + Level 4.8 Fighting
 + Level 2.5 Maces & Flails
 + Level 4.8 Armour
 - Level 2.2 Dodging
 - Level 3.2 Shields


You had 2 spell levels left.
You didn't know any spells.
Your spell library was empty.

Dungeon Overview and Level Annotations

Branches:
Dungeon (1/1)

Altars:


Innate Abilities, Weirdness & Mutations

You are immune to sickness and miasma.
Your stone body is resilient. (AC +3)
You are immune to poison.
You resist negative energy. (rN+)
You are resistant to electric shocks. (rElec)
You are resistant to unholy torment.
You are immune to petrification.


Message History

You closely miss Ijyb.
Ijyb is moderately wounded.
Ijyb screams, "No!
No, no, no, no!"
Ijyb hits you but does no damage.
You hit Ijyb.
Ijyb is severely wounded.
Ijyb hits you with a +2 dagger of draining.
Ijyb hits you but does no damage.
You barely miss Ijyb.
Ijyb is severely wounded.
Ijyb hits you but does no damage.
You closely miss Ijyb.
Ijyb is severely wounded.
Ijyb closely misses you.
You sock Ijyb!
You kill Ijyb!
Your Fighting skill increases to level 4!
Your Armour skill increases to level 4!
Your Dodging skill gained 2 levels and is now at level 2!
You have reached level 2!
You have reached level 3!
Your experience leads to an increase in your attributes!
Increase (S)trength, (I)ntelligence, or (D)exterity?
You feel agile. x2
Unknown command.
d - a wand of light (3)
Things that are here:
a +2 dagger of draining; a +0 leather armour You open the door.
An ogre comes into view. It is wielding a +0 giant spiked club.
The ogre shouts!
There is an open door here.
You closely miss the ogre. The ogre barely misses you.
You barely miss the ogre.
The ogre hits you with a +0 giant spiked club!
You sock the ogre!
The ogre is heavily wounded.
The ogre hits you with a +0 giant spiked club!!
Ouch! That really hurt!
You die...

##########
#<.#..@O.#
#..').#..+
#..#####+#
#..# #..#
#..# #⌠⌠#
####


You could see an ogre.

Vanquished Creatures
  Ijyb (D)
1 creature vanquished.

Notes
Turn   | Place    | Note
-------+----------+-------------------------------------------
     0 | D        | dialectric the Gargoyle Fighter began the quest for the
                  | Orb.
     0 | D        | Reached XP level 1. HP: 14/14 MP: 1/1
    10 | D        | Noticed Ijyb
    18 | D        | Killed Ijyb
    19 | D        | Reached XP level 2. HP: 19/20 MP: 2/2
    19 | D        | Reached XP level 3. HP: 24/25 MP: 3/3
    23 | D        | Noticed an ogre
    26 | D        | Demolished by an ogre

Illustrated notes

Levels and vault maps discovered:
D:        dungeon_sprint_1 [red_sonja_temple_1, red_sonja_temple_small_1]

Skill      XL: |  1 |
---------------+----+-----
Fighting       | 4 |  4.8
Armour         | 4 |  4.8
Dodging        | 2 |  2.2
Maces & Flails | |  2.5
Shields        | |  3.2

Action                     || total
---------------------------++-------
  Melee: Flail             ||    10
    Use: Potion            ||     1
 Armour: Scale mail        ||     5
  Dodge: Dodged            ||     2

Table legend: (Time is in decaauts)
 A = Elapsed time spent in this place.
 B = Non-inter-level travel time spent in this place.
 C = Inter-level travel time spent in this place.
 D = Time resting spent in this place.
 E = Time spent auto-exploring this place.
 F = Levels seen in this place.
 G = Mean time per level.
                   A        B        C        D        E       F      G
               +--------+--------+--------+--------+--------+-----+--------+
         Total |     28 |     28 |      0 |      0 |      0 |   1 |   28.0 |
       Dungeon |     28 |     28 |      0 |      0 |      0 |   1 |   28.0 |
               +--------+--------+--------+--------+--------+-----+--------+

Top non-repeatable levels by time:
       D: 28 daAuts
